 Dungeon Crawl Stone Soup version 0.27.1-1-g398f81649c (webtiles) character file.

Game seed: 16850918523405537299

83 VictoriousLee the Slasher (level 4, 0/36 HPs)
             Began as a Barachi Fighter on Sept 9, 2021.
             Slain by Grinder (6 damage)
             ... while paralysed by Grinder
             ... on level 3 of the Dungeon.
             The game lasted 00:08:50 (1884 turns).

VictoriousLee the Slasher (Barachi Fighter)         Turns: 1884, Time: 00:08:51

Health: 0/36       AC:  8    Str: 18    XL:     4   Next: 44%
Magic:  4/4        EV:  2    Int:  9    God:
Gold:   58         SH:  0    Dex: 11    Spells: 3/3 levels left

rFire    . . .     SeeInvis .   a - +0 long sword
rCold    . . .     Faith    .   c - +0 kite shield
rNeg     . . .     Spirit   .   b - +0 scale mail
rPois    .         Reflect  .   (no helmet)
rElec    .         Harm     .   (no cloak)
rCorr    +         Rampage  .   q - +0 pair of gloves
Will     .....                  (no boots)
Stlth    ..........             (no amulet)
HPRegen  0.12/turn              m - ring of resist corrosion
MPRegen  0.09/turn              (no ring)

@: paralysed, mighty, slow
A: amphibious, slowness 1, strong legs 1, +LOS
a: Hop


You were on level 3 of the Dungeon.
You visited 1 branch of the dungeon, and saw 3 of its levels.

You collected 58 gold pieces.

Inventory:

Hand Weapons
 a - a +0 long sword (weapon)
Missiles
 g - 46 stones
 h - 19 arrows
 r - 11 poisoned darts
Armour
 b - a +0 scale mail (worn)
 c - a +0 kite shield (worn)
 q - a +0 pair of gloves (worn)
Jewellery
 m - a ring of resist corrosion (left hand)
Scrolls
 e - 2 scrolls of enchant armour {unknown}
 i - a scroll of identify {unknown}
 j - a scroll of fear {unknown}
 p - 2 scrolls of teleportation {unknown}
 s - a scroll of noise {unknown}
Potions
 d - 2 potions of might
 f - a potion of brilliance {unknown}
 k - 2 potions of curing {unknown}
 l - a potion of attraction {unknown}
 n - a potion of heal wounds {unknown}
 o - a potion of flight {unknown}


   Skills:
 - Level 3.6 Fighting
 + Level 5.5 Long Blades
 - Level 3.6 Armour
 - Level 3.2 Shields


You had 3 spell levels left.
You didn't know any spells.
Your spell library contained the following spells:

 Spells                   Type           Power      Damage    Failure   Level
 Slow                     Hex            0%         N/A       100%        2
 Confusing Touch          Hex            0%         N/A       100%        3
 Dazzling Flash           Conj/Hex       0%         N/A       100%        3
 Vampiric Draining        Necr           0%         2d6       100%        3
 Iskenderun's Mystic Bla  Conj/Tloc      0%         2d3       100%        4
 Starburst                Conj/Fire      0%         6d3       100%        6


Dungeon Overview and Level Annotations

Branches:
Dungeon (3/15)

Altars:

Annotations:
D:3 Grinder


Innate Abilities, Weirdness & Mutations

You are amphibious.
You cover ground slowly.
You can hop short distances.
You have an extended range of vision and can be seen from far away.


Message History

You closely miss Grinder.
Grinder is lightly wounded.
You block Grinder's attack.
You slash Grinder!
Grinder is heavily wounded.
Grinder hits you.
You writhe in agony.
You barely miss Grinder.
Grinder is heavily wounded.
Grinder hits you but does no damage. Grinder gestures at you.
You suddenly lose the ability to move!
Grinder hits you.
You writhe in agony.
You hear the rusting of a drain nearby.
Grinder blinks!
You can move again.
Found a smoky yellow potion.
Grinder completely misses you.
You riposte.
You barely miss Grinder.
Grinder is heavily wounded.
You closely miss Grinder.
Grinder is heavily wounded.
Grinder gestures at you.
You shrug off the repeated paralysis!
You hit Grinder.
Grinder is heavily wounded.
Grinder barely misses you.
Grinder blinks!
You block Grinder's attack.
You closely miss Grinder.
Grinder is heavily wounded.
Grinder says, "Just stop there for a second..."
Grinder hits you!
You writhe in agony.
* * * LOW HITPOINT WARNING * * *
You are too injured to fight recklessly!
You are too injured to fight recklessly!
You slash Grinder!
Grinder is almost dead.
Grinder gestures at you.
You suddenly lose the ability to move!
Grinder hits you but does no damage.
Grinder blinks!
Grinder hits you.
You die...

....
....####.#...##.###
..# #### #.###....#
..# #.# ##...# #
.... .###.# #.#.#
.... ####
....^.###.#.#.....
#.............#
##......)..#...#
###..#....##.# #
#####...##.@.## .#
............5# #
####..####...# #
#.#......#
#.####.#..# .:. ..
.... .># ...... ..
....... .


You could see Grinder.

Vanquished Creatures
  3 adders
  3 worms
  2 dart slugs
  A ball python (D:2)
  4 endoplasms (D:2)
  4 giant cockroaches
  3 goblins
  5 hobgoblins
  A quokka (D:2)
  3 bats
  3 frilled lizards
  5 kobolds
  6 rats (D:1)
43 creatures vanquished.

Vanquished Creatures (others)
  2 plants (D:2)
2 creatures vanquished.

Grand Total: 45 creatures vanquished

Notes
Turn   | Place    | Note
-------+----------+-------------------------------------------
     0 | D:1      | VictoriousLee the Barachi Fighter began the quest for the
                  | Orb.
     0 | D:1      | Reached XP level 1. HP: 18/18 MP: 1/1
    94 | D:1      | Reached skill level 3 in Long Blades
   206 | D:1      | Reached XP level 2. HP: 24/24 MP: 2/2
   549 | D:1      | Reached skill level 4 in Long Blades
   648 | D:1      | Reached XP level 3. HP: 18/29 MP: 3/3
  1101 | D:2      | Reached skill level 5 in Long Blades
  1296 | D:2      | Reached XP level 4. HP: 27/36 MP: 4/4
  1845 | D:3      | Found a faded altar of an unknown god.
  1863 | D:3      | Noticed Grinder
  1872 | D:3      | Paralysed by Grinder for 3 turns
  1882 | D:3      | Paralysed by Grinder for 7 turns
  1884 | D:3      | Slain by Grinder

Illustrated notes

Levels and vault maps discovered:
D:1:      tarquinn_simple_flora_water_b, layout_rooms
D:2:      cheibrodos_old_hovel, layout_rooms
D:3:      layout_rooms, gup_sewer_entry_glass, ebering_ghost_disaster_area,
          hellmonk_ecumenical_altar_arch_garden, uniq_grinder

Skill      XL: |  1  2  3 |
---------------+----------+-----
Long Blades    | 3 4 5 |  5.5
Fighting       | |  3.6
Armour         | |  3.6
Shields        | |  3.2

Action                   |  1- 3 |  4- 6 || total
-------------------------+-------+-------++-------
Melee: Long sword        |   112 |    60 ||   172
  Use: Potion            |       |     2 ||     2
Armor: Scale mail        |    32 |    32 ||    64
Dodge: Dodged            |    28 |    22 ||    50
Block: Kite shield       |    62 |    32 ||    94
       Rpst.: Long sword |     9 |     6 ||    15
